Map: Ever Dream LE

Players

ArT

  • Race: Protoss Protoss
  • Spawn Location: 1:00

Reynor - Winner!

  • Race: Zerg Zerg
  • Spawn Location: 7:00

Event: DreamHack SC2 Masters 2020 Summer Europe

VOD

https://youtu.be/aoO_419f0Xs

Description

Time

  • Played on: July 1, 2020, 11:32 a.m.
  • Length: 3:35

All games in this series

Show
View Real Time Build Order
Export as new Build Order

ArT Protoss 

Build Orders: 1 Gate Expand 

Get SALT Encoding   

  12  0:00  Probe  
  13  0:12  Probe  
  14  0:18  Pylon  
  14  0:25  Probe  
  15  0:33  Probe  
  15  0:40  Gateway  
  15  0:41  Probe  
  17  0:50  Assimilator  
  17  0:51  Probe  
  18  1:03  Probe  
  19  1:15  Probe  
  20  1:28  Nexus  
  20  1:39  Cybernetics Core  
  20  1:42  Probe  
  21  1:47  Assimilator  
  21  1:54  Probe  
  22  1:57  Pylon  
  22  2:05  Stalker, Probe  
  23  2:13  Probe  
  25  2:21  Probe  
  27  2:32  Probe  
  27  2:35  Adept  
  30  2:39  Probe  
  30  2:40  Twilight Council  
  31  2:45  Probe  
  31  2:47  Probe  
  33  2:56  Probe  
  33  2:57  Probe  
  34  3:02  Robotics Facility  
  35  3:08  Probe  
  35  3:09  Probe  
  38  3:29  Gateway  
Show
View Real Time Build Order
Export as new Build Order

Reynor Zerg - Winner!

Build Orders: Hatch First 

Get SALT Encoding   

  12  0:00  Drone  
  13  0:12  Overlord  
  13  0:16  Drone  
  14  0:30  Drone x2  
  17  0:42  Drone  
  17  0:51  Hatchery  
  17  0:54  Drone  
  17  0:57  Drone  
  17  1:01  Extractor  
  17  1:13  Spawning Pool  
  17  1:15  Drone  
  17  1:20  Drone  
  18  1:28  Drone  
  19  1:38  Drone  
  20  1:48  Overlord  
  20  2:00  Zergling x2  
  21  2:02  Metabolic Boost  
  21  2:03  Zergling x2, Queen  
  21  2:08  Queen  
  26  2:11  Zergling x2  
  26  2:15  Zergling x2  
  28  2:21  Zergling x2  
  29  2:27  Zergling x2  
  30  2:40  Hatchery  
  30  2:41  Zergling x4  
  30  2:43  Zergling x2  
  32  2:47  Zergling x2  
  33  2:53  Overlord  
  33  2:57  Zergling x2  
  34  3:05  Zergling x2  
  34  3:09  Zergling x2  
  36  3:14  Zergling x8  
  36  3:17  Zergling x4  
Tags
 
Add a new tag
Caveats
  • Supply blocks, unpowered buildings, or Contaminate may cause inaccurate times.
  • Supply counts are checked every 10 seconds.